 Dungeon Crawl Stone Soup version 0.31-a0-609-g7bf6ffcfed (webtiles) character file.

Game seed: 13326544908109093096

249 Hubris850 the Changeling (level 6, -3/43 HPs)
             Began as a Merfolk Shapeshifter on Aug 21, 2023.
             Slain by a bullfrog (5 damage)
             ... in a sewer.
             The game lasted 00:09:02 (3037 turns).

Hubris850 the Changeling (Merfolk Shapeshifter)     Turns: 3037, Time: 00:09:03

Health: -3/43      AC:  2    Str: 15    XL:     6   Next: 12%
Magic:  6/6        EV: 13    Int: 10    God:
Gold:   80         SH:  0    Dex: 14    Spells: 5/5 levels left

rFire   . .          .
                       - Unarmed
rCold   + . .        (shield currently unavailable)
rNeg    . . .        a - +0 animal skin
rPois   .            (no helmet)
rElec   .            (no cloak)
rCorr   .            (no gloves)
SInv    .            (no boots)
Will    .....        e - amulet of faith
Stlth   +            k - ring of protection from cold
HPRegen 0.27/turn    (no ring)
MPRegen 0.10/turn

%: faith
@: flux-form, glowing
A: glow, contaminating, (nimble swimmer 2), mertail
a: Begin Untransformation


You were in a sewer.
You were something dangerously unstable.
You visited 1 branch of the dungeon, and saw 3 of its levels.
You also visited: Sewer.

You collected 80 gold pieces.

Inventory:

Missiles
 b - 2 poisoned darts (quivered)
Armour
 a - a +0 animal skin (worn)
Jewellery
 e - an amulet of faith (around neck)
 k - a ring of protection from cold (left hand)
Talismans
 c - a beast talisman
 d - a flux talisman (active)
Scrolls
 j - a scroll of blinking
 l - a scroll of fog {unknown}
 m - a scroll of identify
 n - a scroll of revelation {unknown}
 o - a scroll of vulnerability {unknown}
 p - a scroll of amnesia {unknown}
Potions
 f - 3 potions of enlightenment
 g - a potion of curing
 h - a potion of haste {unknown}
 i - a potion of degeneration {unknown}


   Skills:
 - Level 1.1 Fighting
 - Level 3.4 Dodging
 + Level 5.1 Unarmed Combat
 + Level 6.3 Shapeshifting


You had 5 spell levels left.
You didn't know any spells.
Your spell library contained the following spells:

 Spells                   Type           Power      Damage    Failure   Level
 Blink                    Tloc           0%         N/A       50%         2
 Lesser Beckoning         Tloc           0%         N/A       50%         2
 Momentum Strike          Conj/Tloc      0%         3d8       50%         2


Dungeon Overview and Level Annotations

Branches:
Dungeon (3/15)              Sewer (1/1)

Altars:
Sif Muna


Innate Abilities, Weirdness & Mutations

You are something dangerously unstable.
You glow with magical radiation, making you easy to see and hit.
Foes you strike become dangerously contaminated with magical radiation.
You are incapable of wielding weapons or throwing items.
((You are very nimble when in or above water. (Stealth+, EV+, Speed+++)))
Your lower body shifts to a powerful aquatic tail in water.


Message History

The ball python grabs you. The ball python constricts you.
An adder comes into view.
The bullfrog closely misses you. The ball python bites you.
The ball python constricts you.
You barely miss the bullfrog.
The bullfrog is almost dead.
The adder hisses angrily.
The bullfrog hits you. The ball python misses you.
The ball python constricts you.
You miss the bullfrog.
The bullfrog is almost dead.
The ball python completely misses you. The ball python constricts you.
You barely miss the bullfrog. The bullfrog hits you.
The bullfrog closely misses you. The ball python bites you.
The ball python constricts you.
You hit the ball python.
You kill the ball python!
The bullfrog barely misses you. x2
You barely miss the bullfrog. The bullfrog barely misses you.
The bullfrog hits you.
* * * LOW HITPOINT WARNING * * *
The quokka twitches its whiskers.
Unknown command.
The bullfrog closely misses you. The bullfrog barely misses you.
Your legs become a tail as you enter the water.
The bullfrog attacks as it pursues you! The bullfrog misses you.
The bullfrog attacks as it pursues you! The bullfrog misses you.
The bullfrog hits you.
* * * LOW HITPOINT WARNING * * *
The bullfrog misses you. The bullfrog attacks as it pursues you!
The bullfrog barely misses you. The bullfrog hits you.
* * * LOW HITPOINT WARNING * * *
There is a gate leading back out of this place here.
The bullfrog hits you.
* * * LOW HITPOINT WARNING * * *
The bullfrog hits you.
* * * LOW HITPOINT WARNING * * *
The bullfrog hits you.
You die...

~..##~~~.~~~##.~~#~.##
~†##.~.~~~~~~##.~##..#
~~#.~~~~~~~~~~#~.~#.∩#
~##~~~#####~.~##~~#~.#
~#..~## ##~.~#~†##†##
~#~.## ##~~#~~~#~.#
##.~# #~~###~#~~# #~.##
##~.~#~#~.# #~†# ~
#~~B#~#~~# #~~# .S
#SFF#~#.~# #~~# ~[l
#~~##~#~~# #~~# .)?~
#~S#~~#..# #.~# .[[$~
#l~#~~#~~# #~~##
~.?.r~##..#~~~~~# ##~~#
F~.~~..r~.#~~~.~#
.#††##≈~~~.~~†###~~~~~#
~#~~~##≈~~~~###~#######


You could see 2 bullfrogs, an adder, a quokka, a ball python and a frilled
lizard.

Vanquished Creatures
  5 adders
  8 gnolls
  A river rat (D:3)
  5 worms
  A dart slug (D:1)
  5 orcs (D:3)
  4 bats
  16 endoplasms
  6 giant cockroaches
  2 hobgoblins (D:1)
  4 jackals (D:2)
  2 kobolds (D:1)
  6 quokkas
  16 ball pythons
  8 frilled lizards
  2 goblins (D:1)
  9 rats
100 creatures vanquished.

Notes
Turn   | Place    | Note
-------+----------+-------------------------------------------
     0 | D:1      | Hubris850 the Merfolk Shapeshifter began the quest for the
                  | Orb.
     0 | D:1      | Reached XP level 1. HP: 15/15 MP: 1/1
   192 | D:1      | Reached XP level 2. HP: 21/21 MP: 2/2
   703 | D:1      | Reached XP level 3. HP: 6/26 MP: 3/3
  1322 | D:2      | HP: 1/26 [gnoll/+0 club (2)]
  1324 | D:2      | Reached XP level 4. HP: 2/32 MP: 4/4
  1580 | D:2      | Found a shimmering blue altar of Sif Muna.
  1651 | D:2      | Reached skill level 5 in Shapeshifting
  2070 | D:2      | Reached XP level 5. HP: 25/37 MP: 5/5
  2599 | D:3      | Reached skill level 5 in Unarmed Combat
  2632 | D:3      | Found a glowing drain.
  2639 | Sewer    | Entered a sewer
  2722 | Sewer    | Reached skill level 6 in Shapeshifting
  2814 | Sewer    | Reached XP level 6. HP: 35/43 MP: 6/6
  3037 | Sewer    | HP: 2/43 [bullfrog (1)]
  3037 | Sewer    | Slain by a bullfrog

Illustrated notes

Levels and vault maps discovered:
D:1:      minmay_arrival_open_corners, layout_loops_corners
D:2:      layout_basic, basic_altar
D:3:      layout_basic, lightli_sewer_entry_pipes, minmay_between, uniq_sigmund
Sewer:    sewer_frog_island_02

Skill      XL: |  1  2  3  4  5 |
---------------+----------------+-----
Dodging        | 3 |  3.4
Unarmed Combat | 4 5 |  5.1
Shapeshifting  | 5 6 |  6.3
Fighting       | |  1.1

Action                     |  1- 3 |  4- 6 || total
---------------------------+-------+-------++-------
  Melee: Unarmed           |    71 |   213 ||   284
         Punch             |     1 |     3 ||     4
         Tailslap          |       |    17 ||    17
Ability: Begin Untransform |       |     1 ||     1
    Use: Scroll            |     2 |       ||     2
         Potion            |       |     1 ||     1
   Stab: Sleeping          |     1 |       ||     1
 Armour: Animal skin       |     9 |    18 ||    27
         Skin              |       |     1 ||     1
  Dodge: Dodged            |    32 |   135 ||   167
   Form: Flux              |       |     1 ||     1

Table legend: (Time is in decaauts)
 A = Elapsed time spent in this place.
 B = Non-inter-level travel time spent in this place.
 C = Inter-level travel time spent in this place.
 D = Time resting spent in this place.
 E = Time spent auto-exploring this place.
 F = Levels seen in this place.
 G = Mean time per level.
                   A        B        C        D        E       F      G
               +--------+--------+--------+--------+--------+-----+--------+
         Total |   2960 |   2902 |     58 |    557 |   1561 |   4 |  740.0 |
       Dungeon |   2618 |   2560 |     58 |    431 |   1561 |   3 |  872.7 |
         Sewer |    341 |    341 |      0 |    126 |      0 |   1 |  341.0 |
               +--------+--------+--------+--------+--------+-----+--------+

Top non-repeatable levels by time:
     D:2: 1294 daAuts
     D:1: 962 daAuts
     D:3: 362 daAuts
   Sewer: 341 daAuts
